Cogmind - Beta 9.6 @@@ ROGUE MODE // 2020.06.23 @ 19:05:43 Player: Vectis Result: Destroyed by as-20612 with Assembled F-torch Performance ------------- Evolutions (0) 0 Regions Visited (3) 600 Robots Destroyed (16) 80 Value Destroyed (393) 393 Prototype IDs (0) 0 Alien Tech Used (0) 0 Bonus (-75) -75 TOTAL SCORE: 998 Bonus ------- Friendly Fire -75 Cogmind --------- Core Integrity 0/250 Matter 286/300 Energy 249/250 System Corruption 0% Temperature Cool (40) Movement Rolling (80) Location -10/Exiles Parts ------- > --- POWER (1) -------- Ion Engine > --- PROPULSION (2) --- Wheel > --- UTILITY (2) ------ EX Chip 1 EX Chip 2 > --- WEAPON (2) ------- Light Cannon > --- INVENTORY (4) ---- Light Ion Engine EM Pulse Gun EM Pulse Gun Assault Rifle Peak State ------------ > --- POWER ------------ Light Nuclear Core > --- PROPULSION ------- Light Treads Light Treads > --- UTILITY ---------- Large Storage Unit Large Storage Unit > --- WEAPON ----------- Small Laser Small Laser > --- INVENTORY -------- Light Ion Engine Wheel Wheel Small Storage Unit EM Pulse Gun EM Pulse Gun Small Laser [Rating: 9] Favorites ----------- Power Ion Engine Engine Ion Engine Power Core Light Nuclear Core Propulsion Light Treads Treads Light Treads Leg Aluminum Leg Wheel Wheel Utility Large Storage Unit Storage Large Storage Unit Hackware EX Chip 2 Weapon Small Laser Energy Gun Small Laser Ballistic Cannon Light Cannon Build | -11 -10 -10 -10 ------- Run | Scr Mat Min Exi Slots Evolved . | . . . . Power . | . . . . Propulsion . | . . . . Utility . | . . . . Weapon . | . . . . Parts Attached 22 | 8 7 4 3 Power 4 | 1 3 . . Engine 3 | 1 2 . . Core 1 | . 1 . . Reactor . | . . . . Propulsion 9 | 4 1 4 . Treads 3 | 2 1 . . Leg 2 | . . 2 . Wheel 4 | 2 . 2 . Hover . | . . . . Flight . | . . . . Utility 6 | 1 2 . 3 Device . | . . . . Storage 3 | 1 2 . . Processor . | . . . . Hackware 3 | . . . 3 Protection . | . . . . Artifact . | . . . . Weapon 3 | 2 1 . . Energy Gun 2 | 2 . . . Energy Cannon . | . . . . Ballistic Gun . | . . . . Ballistic Cannon 1 | . 1 . . Launcher . | . . . . Special Weapon . | . . . . Impact Weapon . | . . . . Slashing Weapon . | . . . . Piercing Weapon . | . . . . Special Melee Weapon . | . . . . Unidentified Prototypes . | . . . . Parts Lost 6 | . 3 1 2 Power 2 | . 2 . . Propulsion 2 | . . 1 1 Utility . | . . . . Weapon 2 | . 1 . 1 Highest Loss Streak 2 | . 2 1 2 Average Slot Usage (%) 98 | . 97 98 99 Engine 10 | . 7 14 14 Core 3 | . 5 . . Treads 16 | . 27 1 . Leg 5 | . . 19 . Wheel 5 | . . 5 28 Storage 27 | . 26 28 26 Energy Gun 19 | . 23 14 14 Ballistic Cannon 8 | . 3 14 14 Naked Turns . | . . . . Heaviest Build 41 | 9 41 41 41 Greatest Support 40 | 40 40 40 20 Greatest Overweight (x) 4 | . 1 4 2 Average Overweight (x) 1 | . . 1 1 Largest Inventory Capacity 16 | 6 16 16 16 Average Capacity 15 | 5 15 16 15 Most Carried 16 | 4 14 16 16 Average Carried 10 | 2 8 14 15 Final Capacity 16 | 6 16 16 4 Final Carried 16 | 4 14 16 4 Class Distribution -------------------- 100% | Mutant Dominant Class ---------------- Mutant | -10/Materials Mutant | -10/Mines Mutant | -10/Exiles Resources | -11 -10 -10 -10 ----------- Run | Scr Mat Min Exi Matter Collected 549 | 199 177 147 26 Remotely . | . . . . Salvage Created 428 | . 331 71 26 Parts 32 | . 19 5 8 Haulers Intercepted . | . . . . Recyclers Shooed 1 | . . 1 . Parts Field Recycled . | . . . . Retrieved Matter . | . . . . Parts Self-Destructed . | . . . . Prevented . | . . . . Kills | -11 -10 -10 -10 ------- Run | Scr Mat Min Exi Combat Hostiles Destroyed 14 | . 12 2 . Guns 9 | . 9 . . Cannons 3 | . 1 2 . AOE 2 | . 2 . . Classes Destroyed 3 | . 2 1 . Worker 1 | . . 1 . Swarmer 6 | . 6 . . Grunt 8 | . 6 2 . Best Kill Streak 3 | . 3 1 1 Combat Bots Only 3 | . 3 1 . Max Kills in Single Turn 2 | . 2 1 1 Gunslinging . | . . . . Exploded 2 | . 2 . . Melee . | . . . . Uniques/NPCs Destroyed 1 | . . . 1 EX-BIN (-10/Exiles) Combat | -11 -10 -10 -10 -------- Run | Scr Mat Min Exi Damage Taken 1003 | . 516 216 271 Core 253 | . 55 54 144 Absorbed by Shields . | . . . . Core Remaining (%) 100 | 100 . . . Volleys Fired 55 | . 40 13 2 Largest 2 | . 2 2 2 Hottest 80 | . 80 75 75 Shots Fired 106 | . 80 22 4 Gun 82 | . 71 9 2 Cannon 24 | . 9 13 2 Launcher . | . . . . Special . | . . . . Kinetic 24 | . 9 13 2 Thermal 82 | . 71 9 2 Explosive . | . . . . Electromagnetic . | . . . . Robot Hit Streak 11 | . 11 6 3 Robot Miss Streak 7 | . 7 1 . Penetration Max . | . . . . Secondary Targets . | . . . . Shots Hit Robots 66 | . 48 15 3 Core Hits 30 | . 21 5 4 Critical Hits 1 | . . 1 . Critical Kills . | . . . . Critical Parts Destroyed 1 | . . 1 . Melee Attacks . | . . . . Impact . | . . . . Slashing . | . . . . Piercing . | . . . . Sneak Attacks . | . . . . Combat Hostiles . | . . . . Follow-up Attacks . | . . . . Damage Inflicted 1182 | . 903 238 41 Guns 523 | . 436 65 22 Cannons 328 | . 140 173 15 Explosions 327 | . 327 . . Melee . | . . . . Ramming 4 | . . . 4 Kinetic 328 | . 140 173 15 Thermal 523 | . 436 65 22 Explosive 327 | . 327 . . Electromagnetic . | . . . . Impact . | . . . . Slashing . | . . . . Piercing . | . . . . Highest Corruption . | . . . . Average Corruption . | . . . . Corruption Purged . | . . . . Overload Shots . | . . . . Overflow Damage 96 | . 91 5 . Projectiles 5 | . . 5 . Explosions 91 | . 91 . . Melee . | . . . . Knockbacks 7 | . 5 2 . Impact . | . . . . Kinetic 6 | . 4 2 . Secondary 1 | . 1 . . Self-Inflicted Damage 2 | . . . 2 Shots . | . . . . Rammed 2 | . . . 2 Targets Rammed 2 | . . . 2 Kicked . | . . . . Crushed . | . . . . Highest Temperature 222 | . 221 222 30 Average Temperature 77 | . 72 109 16 Received Heat Transfer 448 | . 222 126 100 Effects 1 | . . 1 . Interference 1 | . . 1 . Siege Activations . | . . . . Robots Corrupted . | . . . . Combat Hostiles . | . . . . Parts Fried . | . . . . Impact Corruptions . | . . . . Robots Melted . | . . . . Combat Hostiles . | . . . . Parts Melted 1 | . . . 1 Heat Transferred 1200 | . 1000 150 50 Parts Sabotaged . | . . . . Parts Stolen . | . . . . Parts Stripped . | . . . . Power Chain Reactions . | . . . . Missiles Intercepted . | . . . . Alert | -11 -10 -10 -10 ------- Run | Scr Mat Min Exi Peak Influence 235 | . 235 73 . Average Influence 79 | . 98 54 . Maximum Alert Level 1 | . 1 . . Low Security (%) 91 | 100 86 100 . Level 1 8 | . 13 . . Level 2 . | . . . . Level 3 . | . . . . Level 4 . | . . . . Level 5 . | . . . . High Security . | . . . . Max Security . | . . . . Squads Dispatched 4 | . 3 1 . Investigation 3 | . 2 1 . Extermination . | . . . . Reinforcement 1 | . 1 . . Assault . | . . . . Garrison . | . . . . Intercept . | . . . . Construction Impeded . | . . . . Haulers Reinforced . | . . . . Stealth | -11 -10 -10 -10 --------- Run | Scr Mat Min Exi Distress Signals 3 | . 3 . . Communications Jammed . | . . . . Distress Signals . | . . . . Times Spotted 26 | . 16 3 7 Peak Tracking Total 9 | . 6 2 9 Tactical Retreats 4 | . 3 1 . Traps | -11 -10 -10 -10 ------- Run | Scr Mat Min Exi Traps Triggered 1 | . 1 . . Indirectly . | . . . . Trap Hack Attempts . | . . . . Triggered . | . . . . Disarmed . | . . . . Reprogrammed . | . . . . Reused . | . . . . Traps Extracted . | . . . . Installed . | . . . . Triggered . | . . . . Machines | -11 -10 -10 -10 ---------- Run | Scr Mat Min Exi Machines Disabled 2 | . 2 . . Max in Single Turn 2 | . 2 . . Machines Sabotaged . | . . . . Garrisons Compromised . | . . . . Overloaded Fab Kills . | . . . . Fab Network Shutdowns . | . . . . Hacking | -11 -10 -10 -10 --------- Run | Scr Mat Min Exi Machines Accessed 10 | . 8 1 1 Terminals 6 | . 6 . . Fabricators . | . . . . Repair Stations 1 | . 1 . . Recycling Units 1 | . 1 . . Scanalyzers . | . . . . Garrison Access . | . . . . Total Hacks 17 | . 15 1 1 Successful 8 | . 6 1 1 Failed 9 | . 9 . . Catastrophic 1 | . 1 . . Database Lockouts . | . . . . Manual 2 | . 2 . . Terminals 11 | . 11 . . Fabricators . | . . . . Repair Stations 3 | . 3 . . Recycling Units 1 | . 1 . . Scanalyzers . | . . . . Garrison Access . | . . . . Terminal Hacks 5 | . 3 1 1 Record 1 | . . . 1 Open Door 1 | . . 1 . Locate Traps 1 | . 1 . . Maintenance Status 1 | . 1 . . Zone Layout 1 | . 1 . . Fabricator Hacks . | . . . . Repair Station Hacks 2 | . 2 . . Scan Component 1 | . 1 . . Repair 1 | . 1 . . Recycling Unit Hacks . | . . . . Scanalyzer . | . . . . Garrison Access Hacks . | . . . . Unauthorized Hacks 1 | . 1 . . Terminals . | . . . . Fabricators . | . . . . Repair Stations . | . . . . Recycling Units 1 | . 1 . . Tunnel 1 | . 1 . . Scanalyzers . | . . . . Garrison Access . | . . . . Data Cores Recovered . | . . . . Used . | . . . . Hacking Detections 6 | . 6 . . Full Trace Events . | . . . . Feedback Events . | . . . . Feedback Blocked . | . . . . Robot Schematics Acquired . | . . . . Robots Built . | . . . . Matter . | . . . . Time . | . . . . Total Robot Build Rating . | . . . . Part Schematics Acquired . | . . . . Parts Built . | . . . . Matter . | . . . . Time . | . . . . Total Part Build Rating . | . . . . Parts Repaired 1 | . 1 . . Time 26 | . 26 . . Parts Recycled . | . . . . Recycled Matter . | . . . . Retrieved Matter . | . . . . Retrieved Components . | . . . . Parts Scanalyzed . | . . . . Part Schematics Acquired . | . . . . Parts Damaged . | . . . . Bothacking | -11 -10 -10 -10 ------------ Run | Scr Mat Min Exi Used RIF Installer . | . . . . Robots Hacked . | . . . . Non-combat . | . . . . Combat . | . . . . Robot Hacks Applied . | . . . . Relay Couplers Released . | . . . . Robots Rewired . | . . . . Allies Hacked . | . . . . Hacks Repelled . | . . . . Allies | -11 -10 -10 -10 -------- Run | Scr Mat Min Exi Total Allies 2 | . . 2 . Largest Group 2 | . . 2 2 Highest-Rated Group 49 | . . 49 49 Highest-Rated Ally 31 | . . 31 31 Total Orders . | . . . . Ally Attacks . | . . . . Total Damage . | . . . . Kills . | . . . . Allies Corrupted . | . . . . Allies Melted . | . . . . Intel | -11 -10 -10 -10 ------- Run | Scr Mat Min Exi Robot Analysis Total . | . . . . Derelict Logs Recovered 1 | . . 1 . Drone Launches . | . . . . Drone Recoveries . | . . . . Exploration | -11 -10 -10 -10 ------------- Run | Scr Mat Min Exi Turns Passed 1757 | 65 964 482 246 Spaces Moved 976 | 44 446 256 230 Core 3 | 3 . . . Treads 474 | 16 446 12 . Legs 185 | . . 185 . Wheels 314 | 25 . 59 230 Hover . | . . . . Flight . | . . . . Fastest Speed 50 | 50 160 100 80 Average Speed 146 | 107 165 162 99 Slowest Speed 240 | 160 180 240 100 Overloaded Moves . | . . . . Propulsion Burnouts . | . . . . Robots Hopped . | . . . . Cave-ins Triggered . | . . . . Exploration Rate (%) 47 | 5 80 43 62 Regions Visited 3 Branch Regions 2 Pre-discovered Areas 3 | . 1 1 1 Known Exits Taken . | . . . . Unknown Exits Taken 3 | 1 1 1 . Scrap Searched 1 | . . 1 . Spaces Dug . | . . . . Terrain Destroyed 9 | . 9 . . Melee . | . . . . Projectile . | . . . . AOE 9 | . 9 . . Actions | -11 -10 -10 -10 --------- Run | Scr Mat Min Exi Total 1192 | 58 589 302 243 Wait 112 | 3 85 21 3 Move 973 | 43 445 255 230 Hop . | . . . . Pick Up 20 | 4 11 5 . Fast Attach 14 | 6 3 2 3 Attach 4 | . 2 2 . Detach . | . . . . Swap 4 | 2 2 . . Drop 8 | . 1 4 3 Fire 55 | . 40 13 2 Melee . | . . . . Ram 2 | . . . 2 Kick . | . . . . Crush . | . . . . Escape Stasis . | . . . . Rewire . | . . . . Trap . | . . . . Miscellaneous . | . . . . Route ------- -11/Scrapyard -10/Materials (discovered 3 exits: [*Mat x2] / *Min) -10/Mines (discovered 2 exits: [*Mat] / *Exi) -10/Exiles (discovered 1 exit: [*Min]) History --------- Turn | Location | Event 27 | -11/Scrapyard | Discovered new exit (range 15) 66 | -11/Scrapyard | Entered Materials 313 | -10/Materials | Build established: Mutant 343 | -10/Materials | Discovered new exit (range 9) 427 | -10/Materials | Repaired Lgt. Treads 741 | -10/Materials | Discovered new exit (range 9) 1014 | -10/Materials | Discovered new exit (range 9) 1030 | -10/Materials | Entered Mines 1287 | -10/Mines | Learned location of Storage (-9) 1301 | -10/Mines | Discovered new exit (range 5) 1339 | -10/Mines | Deemed a non-threat by the Exiles lab entrance 1339 | -10/Mines | Discovered new exit (range 5) 1412 | -10/Mines | Met a Derelict shopkeep closing up shop 1512 | -10/Mines | Entered Exiles 1512 | -10/Exiles | Accompanied by 2 allies 1528 | -10/Exiles | Discovered new exit (range 15) 1539 | -10/Exiles | Met 8R-AWN 1542 | -10/Exiles | Led the pair of lost Derelicts to a safe place 1553 | -10/Exiles | Met EX-HEX 1604 | -10/Exiles | Met EX-DEC 1621 | -10/Exiles | Learned location of Zion (-7) 1723 | -10/Exiles | Met EX-BIN 1737 | -10/Exiles | Attacked by the Exiles 1739 | -10/Exiles | Destroyed EX-BIN 1753 | -10/Exiles | Core integrity fell below 50% 1758 | -10/Exiles | Destroyed by as-20612 with Assembled F-torch Last Messages --------------- Now, I'll admit there could be side effects, but if you're willing to participate in the trials you can have one of our prototypes. How's that for a sweet deal? 01725_ EX-BIN: "Please do it. The faster we get more data and tweak this thing to perfection, the faster I can get back to my spacelab designs." 01737_ EXILES: Hostile robot within lab perimeter. Defensive protocols time, folks! 01739_ EX-BIN: "I just want to science!" 01739_ EX Chip 1 melted. 01739_ EX-BIN: "You can't kill me, my evil twin will get revenge!" 01739_ EX-BIN destroyed. 01745_ Acquired 26 matter. 01747_ Dropped Lrg. Storage Unit. 01749_ Acquired EX Chip 2. 01752_ Slammed into as-18174. 01753_ Discarded EX Chip 2. 01754_ Sml. Laser destroyed. 01754_ Acquired EX Chip 1. 01756_ Wheel destroyed. 01757_ Slammed into as-21181. Map ----- +----------------------------------------------------+ | ?????????????????????????????????????????????????? | | ?????????????????????????????????????????????????? | | ?????????????????????????????????????????????????? | | ?????????????????????????????????????????????????? | | ?????????????????????????????????????????????????? | | ?????????????????????????????????????????????????? | | ???????????????????????? ???????????????????????? | | ????????????????????? ??????????????????????? | | ?????????????????????# ??????????????????????? | | ?????????????????????# ????####??????????????? | | ?????????????????????# ??#"""""??????????????? | | ?????????????????????# ??#"""""""#???????????? | | ?????????????????????# #?#"""""""#???????????? | | ????????????????????## ###"" """"#???????????? | | ????????????????????#" """"#???????????? | | ????????????????????#" """#???????????? | | ????????????????????#" """#???????????? | | ????????????????????#" ! """#???????????? | | ????????#???????????#" [!! """#???????????? | | ??????? ""?????????#" !![!! """##??????????? | | ???????" """#???????## ] !* """""??????????? | | ???????" ?????????# = !![ """##??????????? | | ??????"" ?????????#" a !!"X" """"???????????? | | ??????"" "#????????#" aa !""" #???????????? | | ?????? ""?????????#" aa"""""""""#???????????? | | ???????" "?????????##" a@ ###########???????????? | | ???????# #????????##"" a#?????????????????????? | | ##???### ###?######"" #?????????????????????? | | "#####X# #"###""""""" ##????????????????????? | | """""" " "" ##???????????????????? | | "" """ " #####"""????????????? | | " " " ""???????????? | | "" ????????? | | " "??????? | | " "????? | | " "#???? | | " ""###? | | """ """""" """#? | | " ######""" "#? | | " ""##????#####""" ## | | "" """##??????????#""" # | | " """##???????????#"""" | | " ""#???????????##"" | | ########??####"""" | | " ## ####""" | | """" | | " | | """ | | " # | | " " "" """ ""# | +----------------------------------------------------+ Best States ------------- Heat Dissipation 25 Energy Generation 14 Energy Capacity 250 Matter Stores 300 Matter Capacity 300 Sight Range 16 Terrain Scan Density 10 Evasion (%) 44 Recoil Reduction 2 Defensive Hacking 7 Item Schematics ----------------- None Robot Schematics ------------------ None Fabricated ------------ Nothing Alien Tech Used ----------------- None Achievements -------------- None Challenges ------------ None Game ------ Seed SlugDroneSplitter Manual? 0 Play Time 00:09:45 Cumulative 146.3 hours Start 2020.06.23 @ 18:56:45 End 2020.06.23 @ 19:05:43 Sessions 1 Manual Loads 0 Difficulty Rogue Special Mode None Game No. 67 Rogue 67 Adventurer 0 Explorer 0 Win Type - Total 7 Types 6/0/0/1/0/0/0 Lore% 72 Gallery% 68 Achievement% 59 Wizard Run 0 Options --------- ASCII 1 Keyboard 0 Movement Numpad Keybinds 0 Fullscreen 1 Font 18/SmallcapsGlow Map View 76x50 Tactical HUD 1 Map Filters NONE Filters NONE Steam 1 RUN: 4dd944d5-14dd-424a-ad2b-70e07922aa7a